 Dungeon Crawl Stone Soup version 0.31-a0-1321-g5021b54cb2 (webtiles) character file.

Game seed: 9488649834502011840

14158 grandjackal the Fighter (level 11, -1/102 HPs)
             Began as a Yellow Draconian Gladiator on Dec 20, 2023.
             Was a High Priest of Okawaru.
             Slain by a vampire mosquito (10 damage)
             ... on level 12 of the Dungeon.
             The game lasted 00:13:55 (14009 turns).

grandjackal the Fighter (DrGl)                     Turns: 14009, Time: 00:13:57

Health: -1/102     AC: 10    Str: 17    XL:     11   Next: 85%
Magic:  18/18      EV: 17    Int:  8    God:    Okawaru [*****.]
Gold:   783        SH:  0    Dex: 17    Spells: 10/10 levels left

rFire   + + .        F - +4 trident of Zin's Righteous Fury {flame, rF+}
rCold   + + .        (no shield)
rNeg    . . .        (body armour unavailable)
rPois   .            b - +0 hat
rElec   +            U - scarf {rC+ rF+}
rCorr   +            (no gloves)
SInv    .            w - +2 pair of boots "Yzycsu" {rElec rCorr}
Will    +....        J - amulet of the acrobat
Stlth   ++           W - ring of protection from cold
HPRegen 0.37/turn    o - ring of willpower
MPRegen 0.16/turn

%: acrobat
@: no status effects
A: spit acid, AC +7, unfitting armour, cold-blooded, acid resistance
a: Breathe Acid, Renounce Religion, Heroism, Finesse, Duel


You were on level 12 of the Dungeon.
You worshipped Okawaru.
Okawaru was extremely pleased with you.
You visited 2 branches of the dungeon, and saw 13 of its levels.
You also visited: Ossuary.

You collected 828 gold pieces.
You spent 45 gold pieces at shops.

Inventory:

Hand Weapons
 a - a +0 long sword
 j - the +3 quarterstaff of Massacring {freeze, Int+2}
   (You found it on level 2 of the Dungeon)

   Int+2:     It affects your intelligence (+2).
 y - a +2 dagger of venom
 F - the +4 trident of Zin's Righteous Fury (weapon) {flame, rF+}
   (You found it on level 4 of the Dungeon)

   rF+:       It protects you from fire.
Missiles
 c - a throwing net (quivered)
 d - a javelin
 A - 4 silver javelins
Armour
 b - a +0 hat (worn)
 n - a scarf of repulsion
 w - the +2 pair of boots "Yzycsu" (worn) {rElec rCorr}
   (You found it on level 11 of the Dungeon)

   rElec:     It insulates you from electricity.
   rCorr:     It protects you from acid and corrosion.
 U - a scarf of resistance (worn)
Jewellery
 h - a ring of ice
 o - a ring of willpower (right hand)
 J - an amulet of the acrobat (around neck)
 W - a ring of protection from cold (left hand)
Wands
 k - a wand of flame (86)
 s - a wand of polymorph (9)
 O - a wand of digging (13)
 P - a wand of quicksilver (11)
 S - a wand of mindburst (12)
Scrolls
 i - 11 scrolls of identify {unknown}
 m - 11 scrolls of teleportation
 p - 6 scrolls of fear {unknown}
 q - 3 scrolls of amnesia {unknown}
 r - 3 scrolls of enchant weapon {unknown}
 u - a scroll of immolation {unknown}
 x - a scroll of silence {unknown}
 B - 4 scrolls of enchant armour {unknown}
 D - 5 scrolls of revelation {unknown}
 E - a scroll of blinking {unknown}
 I - 4 scrolls of vulnerability {unknown}
 M - a scroll of acquirement {unknown}
 Q - 3 scrolls of fog {unknown}
Potions
 e - a potion of mutation {unknown}
 f - 7 potions of curing
 g - 2 potions of heal wounds {unknown}
 l - 5 potions of degeneration {unknown}
 t - a potion of invisibility {unknown}
 v - a potion of cancellation {unknown}
 z - 5 potions of brilliance {unknown}
 C - 4 potions of might {unknown}
 G - a potion of haste {unknown}
 H - 2 potions of lignification {unknown}
 K - a potion of enlightenment {unknown}
 L - a potion of ambrosia {unknown}
 N - 2 potions of attraction {unknown}
 R - a potion of berserk rage {unknown}
 T - a potion of magic {unknown}


   Skills:
 + Level 11.2 Fighting
 + Level 10.5 Long Blades
 - Level 2.0 Throwing
 + Level 9.6 Dodging
 + Level 9.6 Invocations


You had 10 spell levels left.
You didn't know any spells.
Your spell library contained the following spells:

 Spells                   Type           Power      Damage    Failure   Level
 Apportation              Tloc           0%         N/A       41%         1
 Necrotise                Necr           0%         1d4       41%         1
 Slow                     Hex            0%         N/A       41%         1
 Sting                    Conj/Alch      0%         1d3       41%         1
 Cigotuvi's Dreadful Rot  Necr/Alch/Air  0%         N/A       54%         2
 Ensorcelled Hibernation  Hex/Ice        0%         N/A       54%         2
 Passwall                 Alch/Erth      0%         N/A       54%         2
 Confusing Touch          Hex            0%         N/A       78%         3
 Ozocubu's Armour         Ice            0%         N/A       78%         3
 Sigil of Binding         Hex            0%         N/A       78%         3
 Swiftness                Air            0%         N/A       78%         3
 Vampiric Draining        Necr           0%         2d6       78%         3
 Dimensional Bullseye     Hex/Tloc       0%         N/A       99%         4
 Dispel Undead            Necr           0%         3d6       99%         4
 Borgnjor's Vile Clutch   Necr/Erth      0%         N/A       100%        5
 Metabolic Englaciation   Hex/Ice        0%         N/A       100%        5
 Chain Lightning          Conj/Air       0%         N/A       100%        9
 Fire Storm               Conj/Fire      0%         5d1       100%        9
 Shatter                  Erth           0%         3d5*      100%        9
 Summon Small Mammal      Summ           Unusable   N/A       N/A         1
 Call Canine Familiar     Summ           Unusable   N/A       N/A         3
 Animate Dead             Necr           Unusable   N/A       N/A         4
 Death Channel            Necr           Unusable   N/A       N/A         6
 Simulacrum               Ice/Necr       Unusable   N/A       N/A         6

Dungeon Overview and Level Annotations

Branches:
Dungeon (12/15)            Temple (1/1) D:4            Lair (0/5) D:8
Ossuary (visited)
    Orc: D:9-12

Altars:
Ashenzari
Cheibriados
Dithmenos
Elyvilon
Fedhas
Gozag
Hepliaklqana
Kikubaaqudgha
Makhleb
Nemelex Xobeh
Okawaru
Qazlal
Ru
Sif Muna
Trog
Uskayaw
Vehumet
Wu Jian
Xom
Yredelemnul
Zin
The Shining One

Shops:
D:12 ([**

Annotations:
D:3 3 runed translucent doors, SecretSquirrel's ghost, amateur DsAl
D:9 2 transporters, dialectric's ghost, novice SpDe
D:12 2 runed translucent doors


Innate Abilities, Weirdness & Mutations

You can spit globs of acid.
Your golden yellow scales are hard. (AC +7)
You cannot fit into any form of body armour.
You are cold-blooded and may be slowed by cold attacks.
You are resistant to acid. (rCorr)


Message History

The vampire mosquito draws strength from your injuries!
You completely miss the vampire mosquito.
The vampire mosquito is heavily damaged.
The vampire mosquito misses you. The vampire mosquito barely misses you.
You barely miss the vampire mosquito.
The vampire mosquito is heavily damaged.
The vampire mosquito misses you.
The vampire mosquito bites you but does no damage.
The vampire mosquito completely misses you.
You hit the vampire mosquito. You burn the vampire mosquito.
The vampire mosquito is severely damaged.
The vampire mosquito closely misses you.
The vampire mosquito bites you!
* * * LOW HITPOINT WARNING * * *
The vampire mosquito draws strength from your injuries!
Throw: 2 throwing nets
Press: ? - help, Q - select action, (/) - cycle Shift-Dir - straight line, f - vampire mosquito
Aim: a vampire mosquito (severely damaged, 48% to hit)
You throw a throwing net.
The throwing net hits the vampire mosquito.
The vampire mosquito is caught in the net!
The vampire mosquito is severely damaged.
The vampire mosquito struggles against the net. x2
The net rips apart, and the vampire mosquito comes free!
Unknown command.
You feel better.
The vampire mosquito completely misses you.
The vampire mosquito bites you!
* * * LOW HITPOINT WARNING * * *
The vampire mosquito draws strength from your injuries!
You feel better.
The vampire mosquito bites you but does no damage.
The vampire mosquito closely misses you.
You closely miss the vampire mosquito.
The vampire mosquito is heavily damaged.
The vampire mosquito bites you.
* * * LOW HITPOINT WARNING * * *
The vampire mosquito draws strength from your injuries!
The vampire mosquito bites you!
You die...

..........................
.:.....)..#####.#####.####
..........# #.# #.#
....../...# #.# #.#
#########.# #.# #.#
#.#####.#####.####
#.............†...
#y########.####### #@# #.#
#.# #.# #.# #.# ..# #.#
#.# #.# #.. ... #.. #..


You could see a vampire mosquito.

Vanquished Creatures
  Fannar (D:10)
  A boulder beetle (D:11)
  3 two-headed ogres
  Nergalle (D:10)
  An ugly thing (D:11)
  Joseph (D:7)
  Maggie (D:7)
  A kobold demonologist (D:11)
  3 trolls
  2 shadows
  Sigmund (D:2)
  5 wyverns
  14 yaks
  A wraith (D:9)
  A basilisk (D:11)
  7 vampire mosquitoes
  An acid dragon (D:10)
  2 water moccasins (D:7)
  4 orc warriors
  An ice beast (D:6)
  A sky beast (D:8)
  3 black bears
  3 ogres
  3 centaurs
  A phantom (D:4)
  4 kobold brigands
  2 scorpions (D:4)
  2 bullfrogs
  4 wights (D:9)
  14 killer bees
  A jelly (D:6)
  6 orc priests
  5 hounds
  2 sleepcaps
  Jessica (D:2)
  9 iguanas
  Terence (D:2)
  Natasha (thrice) (D:4)
  7 orc wizards
  3 mummies (Ossuary)
  Robin (D:3)
  4 gnolls
  8 adders
  2 shadow imps
  2 white imps
  4 ufetubi
  2 worms (D:2)
  31 orcs
  3 endoplasms
  5 giant cockroaches
  17 goblins
  3 hobgoblins
  13 jackals
  30 kobolds
  4 quokkas
  9 ball pythons
  2 bats
  2 frilled lizards (D:2)
  3 hobgoblin zombies (Ossuary)
  4 kobold zombies (Ossuary)
  10 quokka zombies (Ossuary)
  6 rats
  A rat zombie (Ossuary)
293 creatures vanquished.

Notes
Turn   | Place    | Note
-------+----------+-------------------------------------------
     0 | D:1      | grandjackal the Draconian Gladiator began the quest for the
                  | Orb.
     0 | D:1      | Reached XP level 1. HP: 17/17 MP: 1/1
   181 | D:1      | Reached XP level 2. HP: 20/25 MP: 2/2
   602 | D:1      | Reached XP level 3. HP: 30/30 MP: 3/3
   726 | D:2      | Reached skill level 3 in Fighting
   805 | D:2      | Identified the +3 quarterstaff of Massacring {freeze,
                  | Int+2}
   814 | D:2      | Noticed Jessica
   820 | D:2      | Killed Jessica
   821 | D:2      | Reached XP level 4. HP: 31/38 MP: 4/4
  1082 | D:2      | Found a shimmering altar of Xom.
  1162 | D:2      | Noticed Sigmund
  1171 | D:2      | Killed Sigmund
  1172 | D:2      | Reached skill level 4 in Fighting
  1172 | D:2      | Reached XP level 5. HP: 35/47 MP: 5/5
  1295 | D:2      | Reached XP level 6. HP: 48/53 MP: 6/6
  1377 | D:2      | Noticed Terence
  1385 | D:2      | Killed Terence
  1794 | D:3      | Noticed Robin
  1808 | D:3      | Killed Robin
  2184 | D:3      | Found a runed translucent gate.
  2185 | D:3      | Found a runed translucent gate.
  2185 | D:3      | Found a runed translucent gate.
  2188 | D:3      | Noticed SecretSquirrel's ghost (amateur DsAl)
  2435 | D:4      | Found a shadowy altar of Dithmenos.
  2438 | D:4      | Found a shimmering altar of Xom.
  2478 | D:4      | Noticed Natasha
  2488 | D:4      | Killed Natasha
  2632 | D:4      | Noticed Natasha
  2643 | D:4      | Killed Natasha
  2664 | D:4      | Reached skill level 5 in Fighting
  2664 | D:4      | Reached skill level 5 in Long Blades
  2738 | D:4      | Noticed Natasha
  2745 | D:4      | Your scales start taking on a golden yellow colour.
  2745 | D:4      | Reached XP level 7. HP: 15/61 MP: 7/7
  2745 | D:4      | Gained mutation: You are resistant to acid. (rCorr) [Yellow
                  | Draconian growth]
  2748 | D:4      | Killed Natasha
  2942 | D:4      | Found a sand-covered staircase.
  2953 | Ossuary  | Entered an ossuary
  3370 | D:4      | Reached skill level 5 in Dodging
  3416 | D:4      | Found a staircase to the Ecumenical Temple.
  3422 | D:4      | Identified the +4 trident of Zin's Righteous Fury {flame,
                  | rF+}
  3457 | Temple   | Entered the Ecumenical Temple
  3468 | Temple   | Became a worshipper of Warmaster Okawaru
  3838 | D:5      | Entered Level 5 of the Dungeon
  3855 | D:5      | Reached skill level 6 in Fighting
  3855 | D:5      | Reached skill level 1 in Invocations
  4040 | D:5      | Reached XP level 8. HP: 70/70 MP: 9/9
  4518 | D:4      | Reached * piety under Okawaru
  4593 | D:4      | HP: 2/71 [orc/+0 war axe (7)]
  5069 | D:5      | Found a stormy altar of Qazlal.
  5473 | D:6      | Reached skill level 7 in Fighting
  5739 | D:6      | Found a hide-covered altar of Uskayaw.
  6203 | D:7      | Reached XP level 9. HP: 78/79 MP: 12/12
  6233 | D:7      | Reached ** piety under Okawaru
  6559 | D:7      | Noticed Maggie
  6595 | D:7      | Killed Maggie
  6596 | D:7      | Reached skill level 5 in Invocations
  6849 | D:7      | Found a basalt altar of Yredelemnul.
  6913 | D:7      | Reached skill level 8 in Fighting
  7260 | D:7      | Noticed Joseph
  7302 | D:7      | Killed Joseph
  8091 | D:8      | Found a staircase to the Lair.
  8187 | D:8      | Noticed a two-headed ogre
  8197 | D:8      | Killed a two-headed ogre
  8197 | D:8      | Reached *** piety under Okawaru
  8198 | D:8      | Reached XP level 10. HP: 27/90 MP: 14/14
  8847 | D:9      | Noticed a two-headed ogre
  8858 | D:8      | Killed a two-headed ogre
  8858 | D:8      | Reached **** piety under Okawaru
  8859 | D:8      | Reached skill level 9 in Fighting
 10487 | D:9      | Found a transporter.
 10487 | D:9      | Noticed a two-headed ogre
 10487 | D:9      | Noticed dialectric's ghost (novice SpDe)
 10487 | D:9      | Noticed a two-headed ogre
 10487 | D:9      | Noticed a two-headed ogre
 10495 | D:9      | Found a transporter.
 10497 | D:9      | Noticed a two-headed ogre
 10535 | D:9      | Found a sacrificial altar of Ru.
 10723 | D:10     | Entered Level 10 of the Dungeon
 10790 | D:10     | Found a shimmering blue altar of Sif Muna.
 10796 | D:10     | Found an ancient bone altar of Kikubaaqudgha.
 10798 | D:10     | Reached ***** piety under Okawaru
 10807 | D:10     | Found a radiant altar of Vehumet.
 11004 | D:10     | Reached skill level 10 in Fighting
 11059 | D:10     | Noticed Fannar
 11092 | D:10     | Killed Fannar
 11093 | D:10     | Reached XP level 11. HP: 57/99 MP: 15/17
 11698 | D:10     | Noticed Nergalle
 11714 | D:10     | Killed Nergalle
 12615 | D:11     | Received a gift from Okawaru
 12616 | D:11     | Identified the +2 pair of boots "Yzycsu" {rElec rCorr}
 12646 | D:11     | Reached skill level 10 in Long Blades
 12655 | D:11     | Noticed a two-headed ogre
 12666 | D:11     | Killed a two-headed ogre
 13132 | D:11     | Noticed a green ugly thing
 13146 | D:11     | Killed a green ugly thing
 13151 | D:11     | HP: 5/101 [poisoned by a green ugly thing]
 13155 | D:11     | HP: 2/101 [poisoned by a green ugly thing]
 13630 | D:12     | Found Fajeca's Weapon Emporium.
 13630 | D:12     | Found Noanot's Antique Armour Emporium.
 13630 | D:12     | Found Xoakh's Assorted Antiques.
 13650 | D:12     | Noticed a boulder beetle
 13666 | D:11     | Killed a boulder beetle
 13667 | D:11     | Reached skill level 11 in Fighting
 13887 | D:12     | Found Ikoek's General Store.
 13891 | D:12     | Found a runed translucent door.
 13891 | D:12     | Found a runed translucent door.
 13891 | D:12     | Noticed a merfolk impaler
 13891 | D:12     | Noticed a merfolk avatar
 13895 | D:12     | Bought a scroll of teleportation for 45 gold pieces
 14005 | D:12     | HP: 2/102 [vampire mosquito (7)]
 14009 | D:12     | Slain by a vampire mosquito

Illustrated notes

Levels and vault maps discovered:
D:1:      giann_bridges, layout_basic
D:2:      layout_basic, basic_altar, grunt_decor_junction, minmay_tetromino_o4,
          uniq_jessica, uniq_sigmund, uniq_terence
D:3:      layout_basic, ebering_ghost_rock_garden, uniq_robin
D:4:      layout_loops_corners, grunt_temple_overflow_open,
          minmay_temple_entry_offerings, enter_ossuary_1, minmay_surrounded,
          uniq_natasha
D:5:      layout_cave_pools, mainiacjoe_overflow_six_doors_small,
          nrook_mini_backslash, minmay_fractal_squares_diagonal_5
D:6:      layout_loops_cross, mainiacjoe_overflow_brackets
D:7:      layout_basic, overflow_temple_1_default, uniq_maggie, uniq_joseph
D:8:      layout_gridville, dpeg_oklobed_lair
D:9:      layout_small_grid, nicolae_ru_path_of_blood, gammafunk_ghost_smash,
          minmay_fractal_squares_5
D:10:     layout_loops_ring, palyth_temple_overflow_mages, uniq_fannar,
          uniq_nergalle
D:11:     layout_roguey
D:12:     layout_small_grid, orc_0_dummy, serial_shops, shop,
          nicolae_shop_distant_corner_stores, mikee_hates_you
Temple:   nicolae_temple_god_jail

Skill      XL: |  1  2  3  4  5  6  7  8  9 10 11 |
---------------+----------------------------------+-----
Throwing       | 2 |  2.0
Dodging        | 3 4 5 6 7 8 9 |  9.6
Fighting       | 3 4 5 6 7 8 10 11 | 11.2
Long Blades    | 4 5 6 8 9 10 | 10.5
Invocations    | 1 4 6 8 9 |  9.6

Action                     |  1- 3 |  4- 6 |  7- 9 | 10-12 || total
---------------------------+-------+-------+-------+-------++-------
  Melee: Long sword        |    94 |       |       |       ||    94
         Tailslap          |    10 |    14 |    64 |    66 ||   154
         Quarterstaff      |     2 |   133 |   102 |       ||   237
         Trident           |       |       |   318 |   475 ||   793
         Punch             |       |       |     5 |    10 ||    15
  Throw: Throwing net      |       |       |     1 |     5 ||     6
 Invoke: Heroism           |       |       |     4 |     6 ||    10
         Finesse           |       |       |       |     1 ||     1
Ability: Breathe Acid      |       |       |     6 |     9 ||    15
  Evoke: Wand              |       |       |       |    10 ||    10
    Use: Potion            |       |       |     3 |     3 ||     6
   Stab: Sleeping          |     1 |     4 |     2 |     9 ||    16
         Distracted        |       |       |       |     1 ||     1
 Armour: Skin              |    50 |    84 |   294 |   341 ||   769
  Dodge: Dodged            |    80 |    89 |   408 |   458 ||  1035
         Repelled          |       |     1 |     1 |       ||     2

Table legend: (Time is in decaauts)
 A = Elapsed time spent in this place.
 B = Non-inter-level travel time spent in this place.
 C = Inter-level travel time spent in this place.
 D = Time resting spent in this place.
 E = Time spent auto-exploring this place.
 F = Levels seen in this place.
 G = Mean time per level.
                   A        B        C        D        E       F      G
               +--------+--------+--------+--------+--------+-----+--------+
         Total |  14325 |  13924 |    401 |   4460 |   6759 |  14 | 1023.2 |
       Dungeon |  14049 |  13657 |    392 |   4374 |   6684 |  12 | 1170.8 |
        Temple |     20 |     11 |      9 |      0 |      0 |   1 |   20.0 |
       Ossuary |    255 |    255 |      0 |     86 |     75 |   1 |  255.0 |
               +--------+--------+--------+--------+--------+-----+--------+

Top non-repeatable levels by time:
     D:4: 1838 daAuts
    D:11: 1715 daAuts
     D:7: 1633 daAuts
     D:9: 1579 daAuts
    D:10: 1478 daAuts
     D:8: 1424 daAuts
     D:6: 986 daAuts
     D:2: 919 daAuts
     D:3: 808 daAuts
     D:5: 770 daAuts
     D:1: 738 daAuts
 Ossuary: 255 daAuts
    D:12: 157 daAuts
  Temple: 20 daAuts
